 Dungeon Crawl Stone Soup version 0.17.0-27-g4a3f43e (webtiles) character file.

32 radek the Digger (level 3, 0/19 HPs)
             Began as a Gargoyle Earth Elementalist on Nov 21, 2015.
             Slain by a jackal (1 damage)
             ... on level 2 of the Dungeon.
             The game lasted 00:05:20 (1834 turns).

radek the Digger (Gargoyle Earth Elementalist)      Turns: 1834, Time: 00:05:21

Health: 0/19       AC:  6    Str: 11    XL:     3   Next: 25%
Magic:  1/7        EV: 12    Int: 16    God:
Gold:   28         SH:  0    Dex: 10    Spells: 2 memorised, 3 levels left

rFire  . . .     SeeInvis .     j - +0 whip
rCold  . . .     Clarity  +     a - +0 robe
rNeg   + . .     SustAt   .     (no shield)
rPois  ∞         Gourm    .     (no helmet)
rElec  +         Spirit   .     n - +0 cloak
rCorr  .         Warding  .     (no gloves)
rMut   .         Stasis   .     (no boots)
MR     .....                    h - amulet of clarity
Stlth  ++........               (no ring)
                                l - +2 ring of slaying

@: not resistant to hostile enchantments, unstealthy
A: negative energy resistance 1, electricity resistance, unbreathing,
petrification resistance, rot immunity, AC +3
a: no special abilities


You were on level 2 of the Dungeon.
You were not hungry.

You visited 1 branch of the dungeon, and saw 2 of its levels.

You collected 28 gold pieces.

Inventory:

Hand Weapons
 e - a +0 short sword
 f - a +0 dagger
 j - a +0 whip (weapon)
Missiles
 b - 69 stones (quivered)
Armour
 a - a +0 robe (worn)
 n - a +0 cloak (worn)
Jewellery
 h - an amulet of clarity (around neck)
 l - a +2 ring of slaying (left hand)
Scrolls
 g - a scroll of blinking {unknown}
 k - a scroll of fear {unknown}
 m - a scroll of enchant weapon {unknown}
 p - a scroll of identify {unknown}
 r - a scroll of amnesia {unknown}
Potions
 i - a potion of curing {unknown}
 q - a potion of might {unknown}
Books
 c - a book of Geomancy

   Spells                             Type                      Level
   a - Sandblast                      Earth                        1
   b - Stoneskin                      Transmutation/Earth          2
   c - Passwall                       Transmutation/Earth          3
   d - Stone Arrow                    Conjuration/Earth            3
   e - Petrify                        Transmutation/Earth          4
   f - Lee's Rapid Deconstruction     Earth                        5
Comestibles
 d - a bread ration
 o - a meat ration


   Skills:
 - Level 1.5 Dodging
 - Level 2.1 Stealth
 + Level 2.9 Spellcasting
 * Level 0.9 Conjurations
   Level 0.7 Transmutations
 + Level 4.1 Earth Magic


You had 3 spell levels left.
You knew the following spells:

 Your Spells              Type           Power        Failure   Level  Hunger
a - Sandblast             Erth           ###...       4%          1    #......
b - Stone Arrow           Conj/Erth      ##....       21%         3    ###....


Dungeon Overview and Level Annotations

Branches:
Dungeon (2/15)

Altars:


Innate Abilities, Weirdness & Mutations

You are resistant to torment.
Your stone body is resilient (AC +3).
You are immune to poison.
You resist negative energy.
You are resistant to electric shocks.
You can survive without breathing.
You are immune to petrification.
You are immune to rotting.


Message History

The jackal barely misses you.
Casting: Sandblast
Confirm with . or Enter, or press ? or * to list all spells.
Aiming: Sandblast
Press: ? - help, Shift-Dir - straight line, f/p - jackal
Aim: a jackal The blast of sand hits the jackal.
The jackal is moderately wounded.
The jackal barely misses you.
You closely miss the jackal.
The jackal is moderately wounded.
The jackal closely misses you. The jackal barely misses you.
You hit the jackal.
The jackal is heavily wounded.
The jackal bites you.
* * * LOW HITPOINT WARNING * * *
You hit the jackal.
The jackal is severely wounded.
The jackal bites you.
You die...

##.#...####..###..####...#)## #
##.##..........#..........##.##
#
#.#...##..####...####..##...#.#
.
###.#####....##.##....#####.###
# ### #####.....##### ###
###.#### #.##.## ##.....##.#
+..@†...... ####h..##.# #.## ##


You could see a jackal.

Vanquished Creatures
  An adder (D:2)
  A giant gecko (D:2)
  A giant cockroach (D:2)
  2 hobgoblins
  3 jackals (D:2)
  4 bats (D:1)
  2 goblins
  5 kobolds
  3 rats (D:1)
22 creatures vanquished.

Vanquished Creatures (others)
  4 toadstools (D:1)
4 creatures vanquished.

Grand Total: 26 creatures vanquished

Notes
Turn   | Place    | Note
--------------------------------------------------------------
     0 | D:1      | radek the Gargoyle Earth Elementalist began the quest for the Orb.
     0 | D:1      | Reached XP level 1. HP: 10/10 MP: 3/3
   478 | D:1      | Reached XP level 2. HP: 15/15 MP: 5/5
  1366 | D:2      | Reached skill level 4 in Earth Magic
  1526 | D:2      | Reached XP level 3. HP: 19/19 MP: 7/7
  1634 | D:2      | Learned a level 3 spell: Stone Arrow
  1834 | D:2      | Slain by a jackal

Action                   || total
-------------------------++-------
Melee: Short sword       ||    12
       Whip              ||    67
 Cast: Sandblast         ||    17
 Stab: Sleeping          ||     1
  Eat: Chunk             ||     3
